 Dungeon Crawl Stone Soup version 0.18.1-6-gd335043 (webtiles) character file.

122 jacquesderrida the Poker (level 4, 0/33 HPs)
             Began as a Demonspawn Skald on May 16, 2016.
             Slain by a centaur (3 damage)
             ... on level 5 of the Dungeon.
             The game lasted 00:06:22 (1310 turns).

jacquesderrida the Poker (Demonspawn Skald)         Turns: 1310, Time: 00:06:23

Health: 0/33       AC:  6    Str: 17    XL:     4   Next: 78%
Magic:  2/7        EV: 11    Int: 13    God:
Gold:   46         SH:  0    Dex: 13    Spells: 2 memorised, 3 levels left

rFire  . . .     SeeInvis .     a - +0 spear
rCold  . . .     Gourm    .     b - +0 leather armour
rNeg   . . .     Faith    .     (no shield)
rPois  .         Spirit   .     (no helmet)
rElec  .         Dismiss  .     (no cloak)
rCorr  .         Reflect  .     (no gloves)
SustAt .         Harm     .     j - +0 pair of boots
MR     .....                    m - amulet of rage
Stlth  +.........               (no ring)
                                i - +4 ring of strength

@: not resistant to hostile enchantments, very unstealthy
A: yellow scales 1, powered by death 2
a: Evoke Berserk Rage


You were on level 5 of the Dungeon.
You were near starving.

You visited 1 branch of the dungeon, and saw 5 of its levels.

You collected 46 gold pieces.

Inventory:

Hand Weapons
 a - a +0 spear (weapon)
Missiles
 h - 8 tomahawks (quivered)
Armour
 b - a +0 leather armour (worn)
 j - a +0 pair of boots (worn)
Jewellery
 i - a +4 ring of strength (left hand)
 m - an amulet of rage (around neck)
Wands
 p - a wand of confusion (17/48)
Scrolls
 l - a scroll of recharging {unknown}
 n - a scroll of amnesia {unknown}
Potions
 e - 2 potions of curing {unknown}
 f - a potion of brilliance {unknown}
 o - 2 potions of ambrosia {unknown}
 r - a potion of heal wounds {unknown}
Books
 c - a book of Battle

   Spells                             Type                      Level
   a - Infusion                       Charms                       1
   b - Shroud of Golubria             Charms/Translocation         2
   c - Song of Slaying                Charms                       2
   d - Spectral Weapon                Hexes/Charms                 3
   e - Regeneration                   Charms/Necromancy            3
Comestibles
 d - 2 bread rations
 g - a slice of pizza
 k - 2 meat rations
 q - a beef jerky


   Skills:
 - Level 2.1 Fighting
 + Level 3.8 Polearms
 - Level 1.0 Armour
 - Level 0.8 Dodging
 - Level 2.0 Spellcasting
 + Level 1.8 Hexes
 - Level 2.9 Charms


You had 3 spell levels left.
You knew the following spells:

 Your Spells              Type           Power        Failure   Level  Hunger
a - Infusion              Chrm           #...         12%         1    ##.....
b - Spectral Weapon       Hex/Chrm       #.......     38%         3    ####...


Dungeon Overview and Level Annotations

Branches:
Dungeon (5/15)
 Temple: D:4-7

Altars:

Annotations:
D:3 Sigmund
D:4 Edmund


Innate Abilities, Weirdness & Mutations

You are partially covered in yellow scales (AC +2).
You regenerate health from kills.


Message History

You hit the centaur but do no damage.
The centaur is severely wounded.
Your spectral weapon hits the centaur but does no damage.
The centaur wields an uncursed shortbow.
The centaur shoots an arrow.
The arrow hits you!
* * * LOW HITPOINT WARNING * * *
Unknown command.
You closely miss the centaur.
The centaur is severely wounded.
Your spectral weapon barely misses the centaur.
The centaur unwields an uncursed shortbow.
The centaur hits you.
* * * LOW HITPOINT WARNING * * *
Unknown command.
You completely miss the centaur.
The centaur is severely wounded.
You are near starving!
Your spectral weapon hits the centaur from afar.
The centaur misses you. The centaur hits you.
You die...

...............
...................
....................
.?...................
....................#
...(................#
....................#
................c...#
................@...#
[...............(...#
....................#
.......)............#
.....<..............#
..................###
.................##
>..............###
(..........###(#


You could see a centaur and a friendly spectral spear.

Vanquished Creatures
  A worker ant (D:4)
  3 adders
  A shadow imp (D:5)
  An ooze (D:4)
  2 worms
  A giant gecko (D:4)
  5 orcs
  A ball python (D:4)
  2 giant cockroaches (D:2)
  5 goblins
  4 hobgoblins
  4 jackals (D:2)
  6 kobolds
  5 bats
  A giant newt (D:4)
  5 rats (D:1)
47 creatures vanquished.

Notes
Turn   | Place    | Note
--------------------------------------------------------------
     0 | D:1      | jacquesderrida the Demonspawn Skald began the quest for the Orb.
     0 | D:1      | Reached XP level 1. HP: 16/16 MP: 3/3
    94 | D:1      | Reached skill level 1 in Armour
   110 | D:1      | Gained mutation: You regenerate a little health from kills. [demonic ancestry]
   110 | D:1      | Reached XP level 2. HP: 11/22 MP: 5/5
   132 | D:1      | Reached skill level 2 in Polearms
   347 | D:2      | Gained mutation: You are partially covered in yellow scales (AC +2). [demonic ancestry]
   347 | D:2      | Reached XP level 3. HP: 9/27 MP: 0/6
   653 | D:2      | Reached skill level 3 in Polearms
   666 | D:2      | Learned a level 3 spell: Spectral Weapon
   983 | D:3      | Noticed Sigmund
   986 | D:3      | You fall through a shaft!
  1000 | D:4      | Reached skill level 1 in Hexes
  1000 | D:4      | Gained mutation: You regenerate health from kills. [demonic ancestry]
  1000 | D:4      | Reached XP level 4. HP: 33/33 MP: 1/7
  1181 | D:4      | Noticed Edmund
  1218 | D:5      | Entered Level 5 of the Dungeon
  1288 | D:5      | Noticed a centaur
  1310 | D:5      | Slain by a centaur

Skill      XL: |  1  2  3 |
---------------+----------+-----
Armour         | 1 |  1.0
Polearms       | 2 3 |  3.8
Hexes          | 1 |  1.8
Fighting       | |  2.1
Dodging        | |  0.8
Spellcasting   | |  2.0
Charms         | |  2.9

Action                   |  1- 3 |  4- 6 || total
-------------------------+-------+-------++-------
Melee: Spear             |   182 |    59 ||   241
 Cast: Infusion          |     5 |     1 ||     6
       Spectral Weapon   |       |     3 ||     3
Evoke: Wand              |       |     2 ||     2
 Stab: Sleeping          |     1 |       ||     1
  Eat: Chunk             |     1 |       ||     1
Armor: Leather armour    |    55 |     7 ||    62
Dodge: Dodged            |    93 |    21 ||   114
